 Dungeon Crawl Stone Soup version 0.18-a0-1575-g920359c (webtiles) character file.

457 namelastname112 the Martial Artist (level 6, -1/51 HPs)
             Began as a Draconian Monk on Mar 16, 2016.
             Was a Believer of Makhleb.
             Slain by namnharef's ghost (6 damage)
             ... on level 4 of the Dungeon.
             The game lasted 00:04:47 (3400 turns).

namelastname112 the Martial Artist (Draconian Monk) Turns: 3400, Time: 00:04:47

Health: -1/51      AC:  7    Str: 13    XL:     6   Next: 77%
Magic:  6/6        EV: 13    Int: 11    God:    Makhleb [**....]
Gold:   315        SH:  0    Dex: 15    Spells: 0 memorised, 5 levels left

rFire  . . .     SeeInvis .       - Unarmed
rCold  . . .     Gourm    .     (armour unavailable)
rNeg   . . .     Faith    .     (no shield)
rPois  .         Spirit   .     (helmet restricted)
rElec  .         Dismiss  .     (no cloak)
rCorr  .         Reflect  .     (no gloves)
SustAt .         Harm     .     n - +0 pair of boots (curse)
MR     .....                    (no amulet)
Stlth  ++........               (no ring)
                                (no ring)

@: not resistant to hostile enchantments, unstealthy
A: unfitting armour, cold-blooded, AC +6
a: Minor Destruction, Renounce Religion


You were on level 4 of the Dungeon.
You worshipped Makhleb.
Makhleb was pleased with you.
You were not hungry.

You visited 1 branch of the dungeon, and saw 4 of its levels.

You collected 315 gold pieces.

Inventory:

Armour
 n - a cursed +0 pair of boots (worn)
Wands
 v - a wand of flame (24/48)
Scrolls
 c - a scroll of fog {unknown}
 g - 4 scrolls of identify {unknown}
 i - 2 scrolls of magic mapping {unknown}
 k - a scroll of immolation {unknown}
 l - a scroll of recharging {unknown}
 p - 2 scrolls of remove curse {unknown}
 q - a scroll of amnesia {unknown}
 r - a scroll of random uselessness {unknown}
Potions
 b - a potion of curing {unknown}
 e - a potion of magic {unknown}
 f - 3 potions of haste {unknown}
 h - a potion of heal wounds {unknown}
 m - 2 potions of degeneration {unknown}
 o - a potion of lignification {unknown}
 s - a potion of agility {unknown}
Comestibles
 a - 3 bread rations
 d - 3 beef jerkies
 j - a fruit
 t - a meat ration
 u - a royal jelly


   Skills:
 - Level 3.2 Fighting
 - Level 2.6 Dodging
 - Level 1.7 Stealth
 + Level 8.2 Unarmed Combat


You had 5 spell levels left.
You didn't know any spells.

Dungeon Overview and Level Annotations

Branches:
Dungeon (4/15)
 Temple: D:4-7

Altars:
Elyvilon
Kikubaaqudgha
Makhleb

Annotations:
D:4 namnharef's ghost, amateur FoMo


Innate Abilities, Weirdness & Mutations

Your plain brown scales are hard (AC +6).
Your body does not fit into most forms of armour.
You are cold-blooded and may be slowed by cold attacks.


Message History

Namnharef's ghost is almost destroyed.
Namnharef's ghost hits you!
You hit namnharef's ghost.
Namnharef's ghost is almost destroyed.
Namnharef's ghost misses you.
You hit namnharef's ghost but do no damage.
Namnharef's ghost is almost destroyed.
You closely miss namnharef's ghost.
Your tail-slap misses namnharef's ghost.
Namnharef's ghost is almost destroyed.
Namnharef's ghost hits you!
You barely miss namnharef's ghost.
Namnharef's ghost is almost destroyed.
Namnharef's ghost hits you!
* * * LOW HITPOINT WARNING * * *
You are too injured to fight recklessly!
A demon appears!
You feel slightly more hungry.
You can no longer summon a lesser servant of Makhleb.
Namnharef's ghost hits you.
You die...

### ###.# .... ...
...# ...###...
...# †..≈≈##.#
#..# .♣..≈##.#
#..#
......#.#######..#
._.♣..)......##..#
......#.####.##..#
.♣..≈##.# #.##3@#
...≈≈##.# #.##.W#
...###..# #.....#
..## ### #.....#
.#### #.###.#
....# #.# #.#
###.# #.# #.# #
#.# #.# #.# #.#


You could see namnharef's ghost and a friendly smoke demon.

Vanquished Creatures
  Menkaure (D:4)
  A phantom (D:4)
  The ghost of namelastname112 the Ruffian, a weakling DrMo of Ru (D:3)
  A centaur skeleton (D:4)
  Ijyb (D:2)
  A worker ant (D:3)
  5 adders (D:2)
  An ooze (D:3)
  3 worms
  A dart slug (D:1)
  A giant gecko (D:2)
  An orc (D:3)
  7 giant cockroaches
  5 goblins
  8 hobgoblins
  10 jackals
  2 kobolds
  2 quokkas
  A ball python (D:3)
  3 bats
  8 giant newts
  9 rats
73 creatures vanquished.

Vanquished Creatures (others)
  A quokka (D:4)
1 creature vanquished.

Grand Total: 74 creatures vanquished

Notes
Turn   | Place    | Note
--------------------------------------------------------------
     0 | D:1      | namelastname112 the Draconian Monk began the quest for the Orb.
     0 | D:1      | Reached XP level 1. HP: 19/19 MP: 1/1
   127 | D:1      | Reached XP level 2. HP: 13/26 MP: 2/2
   835 | D:2      | Reached skill level 5 in Unarmed Combat
   835 | D:2      | Reached XP level 3. HP: 27/31 MP: 3/3
  1449 | D:2      | Found a burning altar of Makhleb.
  1470 | D:2      | Became a worshipper of Makhleb the Destroyer
  1470 | D:2      | Reached * piety under Makhleb
  1470 | D:2      | Reached ** piety under Makhleb
  1482 | D:2      | Found a faded altar to an unknown god.
  1550 | D:2      | Noticed Ijyb
  1574 | D:2      | Killed Ijyb
  1574 | D:2      | Reached XP level 4. HP: 35/38 MP: 4/4
  1654 | D:2      | Reached skill level 6 in Unarmed Combat
  2282 | D:3      | Reached XP level 5. HP: 36/45 MP: 5/5
  2406 | D:3      | Noticed namelastname112's ghost (weakling DrMo)
  2439 | D:3      | Killed namelastname112's ghost
  2867 | D:3      | Reached skill level 7 in Unarmed Combat
  2936 | D:3      | Found an ancient bone altar of Kikubaaqudgha.
  3089 | D:4      | Reached *** piety under Makhleb
  3159 | D:4      | Noticed a phantom
  3173 | D:4      | Killed a phantom
  3173 | D:4      | Reached XP level 6. HP: 24/51 MP: 6/6
  3344 | D:4      | Found a white marble altar of Elyvilon.
  3345 | D:4      | Noticed Menkaure
  3353 | D:4      | Killed Menkaure
  3353 | D:4      | Reached skill level 8 in Unarmed Combat
  3379 | D:4      | Noticed namnharef's ghost (amateur FoMo)
  3400 | D:4      | Slain by namnharef's ghost

Vault maps used:
D:1:      lemuel_arrival_muddy
D:2:      bloody_makhleb, ecumenical_altar_1, uniq_iyjb
D:3:      lemuel_coloured_pillars_altar
D:4:      elyvilon_altar_4, first_bread, uniq_menkaure

Skill      XL: |  1  2  3  4  5  6 |
---------------+-------------------+-----
Unarmed Combat | 5 6 7 8 |  8.2
Fighting       | |  3.2
Dodging        | |  2.6
Stealth        | |  1.7

Action                   |  1- 3 |  4- 6 || total
-------------------------+-------+-------++-------
Melee: Unarmed           |   132 |   149 ||   281
Invok: Minor Destruction |       |    10 ||    10
       Lesser Servant of |       |     1 ||     1
 Stab: Sleeping          |     2 |     4 ||     6
       Distracted        |     1 |       ||     1
  Eat: Chunk             |     2 |     6 ||     8
